 Dungeon Crawl Stone Soup version 0.31-a0-981-geadf994542 (webtiles) character file.

Game seed: 8996251903705851623

333 LustLizard the Digger (level 6, -3/35 HPs)
             Began as a Gargoyle Earth Elementalist on Nov 2, 2023.
             Slain by an ogre
             ... wielding a +0 giant spiked club
              (18 damage)
             ... on level 4 of the Dungeon.
             The game lasted 00:07:36 (2594 turns).

LustLizard the Digger (Gargoyle Earth Elementalist) Turns: 2594, Time: 00:07:37

Health: -3/35      AC:  6    Str: 12    XL:     6   Next: 52%
Magic:  1/10       EV: 12    Int: 17    God:
Gold:   158        SH:  0    Dex: 10    Spells: 3/11 levels left

rFire   . . .        c - +0 whip
rCold   . . .        (no shield)
rNeg    + . .        a - +0 robe
rPois   ∞            (no helmet)
rElec   +            (no cloak)
rCorr   .            (no gloves)
SInv    .            (no boots)
Will    .....        (no amulet)
Stlth   ++           (no ring)
HPRegen 0.25/turn    (no ring)
MPRegen 0.12/turn

%: no passive effects
@: no status effects
A: sickness immunity, AC +4, negative energy resistance 1, electricity
resistance, torment resistance 1, petrification resistance
a: no special abilities


You were on level 4 of the Dungeon.
You visited 1 branch of the dungeon, and saw 4 of its levels.

You collected 158 gold pieces.

Inventory:

Hand Weapons
 c - a +0 whip (weapon)
Missiles
 g - a throwing net
 l - 4 poisoned darts
 o - 5 darts of dispersal
Armour
 a - a +0 robe (worn)
Wands
 j - a wand of flame (7)
Scrolls
 d - a scroll of fear {unknown}
 h - 2 scrolls of vulnerability {unknown}
 i - 2 scrolls of poison {unknown}
 k - 2 scrolls of identify
 n - a scroll of brand weapon {unknown}
Potions
 b - a potion of magic
 e - 2 potions of brilliance
 f - a potion of curing
 m - a potion of lignification
 p - a potion of attraction
 q - a potion of mutation {unknown}


   Skills:
 + Level 2.1 Fighting
 + Level 1.8 Maces & Flails
 - Level 1.8 Dodging
 + Level 3.7 Stealth
 + Level 3.0 Spellcasting
 + Level 1.8 Conjurations
 - Level 1.1 Transmutations
 * Level 5.4 Earth Magic


You had 3 spell levels left.
You knew the following spells:

 Your Spells              Type           Power      Damage    Failure   Level
a - Sandblast             Erth           42%        2d11      1%          1
b - Stone Arrow           Conj/Erth      28%        3d8       12%         3
c - Brom's Barrelling Bo  Conj/Erth      14%        2d4       36%         4

Your spell library contained the following spells:

 Spells                   Type           Power      Damage    Failure   Level
 Passwall                 Tmut/Erth      10%        N/A       7%          2
 Ensorcelled Hibernation  Hex/Ice        4%         N/A       26%         2
 Swiftness                Air            2%         N/A       45%         3
 Petrify                  Tmut/Erth      13%        N/A       41%         4


Dungeon Overview and Level Annotations

Branches:
Dungeon (4/15)
 Temple: D:4-7

Altars:
Kikubaaqudgha
Zin

Shops:
D:1 [=


Innate Abilities, Weirdness & Mutations

You are immune to sickness and miasma.
Your stone body is resilient. (AC +4)
You are immune to poison.
You resist negative energy. (rN+)
You are resistant to electric shocks. (rElec)
You are resistant to unholy torment.
You are immune to petrification.


Message History

The orc hits you with a +0 hand axe of flaming.
The orc burns you.
Casting: Sandblast (safe; 1% risk of failure)
Confirm with . or Enter, or press ? or * to list all spells.
Aiming: Sandblast (safe; 1% risk of failure)
Press: ? - help, Shift-Dir - straight line, f/p - orc
Aim: an orc, wielding a +0 club and wearing a +0 chain mail (moderately wounded, 87% to hit)
The blast of sand hits the orc but does no damage.
The orc is moderately wounded.
The orc hits you with a +0 club.
The orc hits you with a +0 hand axe of flaming.
The orc burns you.
Casting: Sandblast (safe; 1% risk of failure)
Confirm with . or Enter, or press ? or * to list all spells.
Aiming: Sandblast (safe; 1% risk of failure)
Press: ? - help, Shift-Dir - straight line, f/p - orc
Aim: an orc, wielding a +0 club and wearing a +0 chain mail (moderately wounded, 87% to hit)
The blast of sand hits the orc.
You kill the orc!
The orc closely misses you. The orc hits you but does no damage.
Casting: Sandblast (safe; 1% risk of failure)
Confirm with . or Enter, or press ? or * to list all spells.
Aiming: Sandblast (safe; 1% risk of failure)
Press: ? - help, Shift-Dir - straight line, f - orc
Aim: an orc, wielding a +0 hand axe of flaming (83% to hit)
The blast of sand hits the orc!
You kill the orc!
Unknown command.
You see here a +0 hand axe of flaming.
There is a stone staircase leading down here.
You climb downwards.
You hear the sound of rushing water.
There is an entrance to a sewer on this level.
Hurry and find it before the portal rusts away!
The orc hits you but does no damage. The ogre misses you.
The orc hits you with a +0 club.
There is a stone staircase leading up here.
The orc hits you but does no damage. The orc hits you with a +0 club.
The ogre hits you with a +0 giant spiked club!!
Ouch! That really hurt!
You die...

...#.##.........#
..##...........##
##...o......#..##
...........#...#
.##.............
............#..#
...##..†....#.##
....#...o.>.....
#.......@#.....#
......oO#.....#
..............#
.<.##...#......
... ....#.....#
.# ....## #...#
#..>. .. ##... ..


You could see an ogre and 3 orcs.

Vanquished Creatures
  A scorpion (D:4)
  A howler monkey (D:4)
  Natasha (thrice) (D:2)
  3 gnolls (D:3)
  6 adders
  2 worms
  2 dart slugs (D:2)
  5 orcs (D:3)
  8 ball pythons
  6 endoplasms
  2 giant cockroaches
  2 goblins
  6 hobgoblins
  3 jackals (D:2)
  A quokka (D:2)
  6 bats
  2 frilled lizards
  6 kobolds
  9 rats
74 creatures vanquished.

Notes
Turn   | Place    | Note
-------+----------+-------------------------------------------
     0 | D:1      | LustLizard the Gargoyle Earth Elementalist began the quest
                  | for the Orb.
     0 | D:1      | Reached XP level 1. HP: 10/10 MP: 3/3
    67 | D:1      | Found Poweb's Jewellery Shoppe.
    77 | D:1      | Reached skill level 1 in Transmutations
    77 | D:1      | Reached XP level 2. HP: 15/15 MP: 0/5
   273 | D:1      | Found Foschab's Armour Boutique.
   630 | D:2      | Noticed Natasha
   636 | D:2      | Killed Natasha
   637 | D:2      | Reached skill level 4 in Earth Magic
   637 | D:2      | Reached XP level 3. HP: 13/20 MP: 2/6
   717 | D:2      | Learned a level 3 spell: Stone Arrow
   809 | D:2      | Found a faded altar of an unknown god.
   836 | D:2      | Reached XP level 4. HP: 23/24 MP: 2/7
   934 | D:2      | Noticed Natasha
   940 | D:2      | Killed Natasha
   941 | D:2      | Reached skill level 1 in Fighting
  1088 | D:2      | Noticed Natasha
  1094 | D:2      | Killed Natasha
  1095 | D:2      | Reached skill level 1 in Maces & Flails
  1095 | D:2      | Reached XP level 5. HP: 29/29 MP: 4/8
  1517 | D:2      | Reached skill level 1 in Conjurations
  1840 | D:2      | Reached skill level 5 in Earth Magic
  1935 | D:3      | Found a glowing silver altar of Zin.
  2157 | D:3      | Found an ancient bone altar of Kikubaaqudgha.
  2164 | D:3      | Reached XP level 6. HP: 35/35 MP: 7/10
  2261 | D:3      | Learned a level 4 spell: Brom's Barrelling Boulder
  2594 | D:4      | Slain by an ogre

Illustrated notes

Levels and vault maps discovered:
D:1:      dpeg_arrival_orchard, layout_basic, serial_shops,
          nicolae_shop_tiny_waterfront, shop
D:2:      minmay_diamond_boxcup, layout_basic,
          shapermc_ecumenical_altar_flowoftime, uniq_natasha
D:3:      layout_rooms, mainiacjoe_overflow_cross_hatched,
          kiku_gazebo_garden_becter, nrook_loot_triangle
D:4:      layout_cave_pools, minmay_temple_entry_sparse_star,
          portal_sewer_entry_d, nicolae_concentric_dashed_squares_mild,
          nicolae_hexahallways

Skill      XL: |  1  2  3  4  5  6 |
---------------+-------------------+-----
Transmutations | 1 |  1.1
Earth Magic    | 4 5 |  5.4
Fighting       | 1 2 |  2.1
Stealth        | 3 |  3.7
Maces & Flails | 1 |  1.8
Conjurations   | 1 |  1.8
Spellcasting   | 3 |  3.0
Dodging        | |  1.8

Action                     |  1- 3 |  4- 6 || total
---------------------------+-------+-------++-------
  Melee: Dagger            |     6 |       ||     6
         Club              |     2 |       ||     2
         Whip              |     1 |    33 ||    34
   Cast: Sandblast         |    30 |    87 ||   117
    Use: Scroll            |       |     4 ||     4
 Armour: Robe              |     7 |    48 ||    55
  Dodge: Dodged            |    12 |    53 ||    65

Table legend: (Time is in decaauts)
 A = Elapsed time spent in this place.
 B = Non-inter-level travel time spent in this place.
 C = Inter-level travel time spent in this place.
 D = Time resting spent in this place.
 E = Time spent auto-exploring this place.
 F = Levels seen in this place.
 G = Mean time per level.
                   A        B        C        D        E       F      G
               +--------+--------+--------+--------+--------+-----+--------+
         Total |   2663 |   2579 |     84 |    162 |   1781 |   4 |  665.8 |
       Dungeon |   2663 |   2579 |     84 |    162 |   1781 |   4 |  665.8 |
               +--------+--------+--------+--------+--------+-----+--------+

Top non-repeatable levels by time:
     D:2: 1175 daAuts
     D:3: 771 daAuts
     D:1: 637 daAuts
     D:4: 79 daAuts
